 Dungeon Crawl Stone Soup version 0.25-a0-1119-g28b6fd0c3b (webtiles) character file.

Game seed: 5536273127759221459, levelgen mode: deterministic

242256 Ge0ff the Summoner (level 18, -4/145 HPs)
             Began as a Demigod Summoner on May 17, 2020.
             Slain by a +0 battleaxe of venom (31 damage)
             ... on level 2 of the Elven Halls on May 18, 2020.
             The game lasted 03:50:12 (60165 turns).

Ge0ff the Summoner (Demigod Summoner)              Turns: 60165, Time: 03:50:12

Health: -4/145     AC: 16    Str: 14    XL:     18   Next: 3%
Magic:  4/38       EV: 15    Int: 37    God:
Gold:   1411       SH:  5    Dex: 16    Spells: 5/38 levels left

rFire    . . .     SeeInvis .   a - +9 demon trident (vamp)
rCold    + . .     Gourm    .   v - +0 buckler
rNeg     + . .     Faith    .   D - +4 troll leather armour
rPois    .         Spirit   .   (helmet restricted)
rElec    .         Reflect  .   U - +2 cloak {MR+}
rCorr    .         Harm     .   w - +2 pair of gloves of Sin {Str+3}
MR       ++...                  Y - +0 pair of boots
Stlth    +.........             s - amulet of magic regeneration
HPRegen  0.74/turn              A - ring "Gasubby" {rC+ rN+, =R}
MPRegen  0.51/turn              g - +6 ring of intelligence

@: very slow
A: horns 1, high mp 1
}: 2/15 runes: serpentine, barnacled
a: no special abilities


You were on level 2 of the Elven Halls.
You were not hungry.

You visited 7 branches of the dungeon, and saw 34 of its levels.
You also visited: Ice Cave.

You collected 3364 gold pieces.
You spent 1953 gold pieces at shops.

Inventory:

Hand Weapons
 a - a +9 vampiric demon trident (weapon)
 b - the +8 mithril axe "Arga" {speed, MR+}
   (You found it on level 3 of the Lair of Beasts)

   Attacks with this weapon are significantly faster.
   It affects your resistance to hostile enchantments.
 J - a +2 spear of distortion
Missiles
 e - 4 throwing nets {=f}
 x - 1315 arrows
 L - 1109 stones (quivered)
Armour
 v - a +0 buckler (worn)
 w - the +2 pair of gloves of Sin (worn) {Str+3}
   (You found it on level 4 of the Shoals)

   It affects your strength (+3).
 D - a +4 troll leather armour (worn)
 U - a +2 cloak of magic resistance (worn)
 Y - a +0 pair of boots (worn)
Jewellery
 g - a +6 ring of intelligence (right hand)
 p - an uncursed ring of fire
 s - an amulet of magic regeneration (around neck)
 A - the ring "Gasubby" (left hand) {rC+ rN+, =R}
   (You bought it in a shop on level 2 of the Orcish Mines)

   [ring of protection from cold]

   It protects you from cold.
   It protects you from negative energy.
 G - an uncursed ring of flight
 S - an uncursed ring of see invisible
Wands
 c - a wand of clouds (7)
 d - a wand of digging (5)
 j - a wand of acid (19)
 k - a wand of iceblast (3)
 P - a wand of polymorph (39)
Scrolls
 i - 5 scrolls of identify
 m - 3 scrolls of magic mapping
 y - 2 scrolls of immolation
 B - 7 scrolls of blinking
 C - 17 scrolls of remove curse
 E - 3 scrolls of fear
 F - 3 scrolls of fog
 Q - a scroll of acquirement {rF ring or 1.3k gold}
 R - a scroll of enchant weapon
 T - 18 scrolls of teleportation
 V - 4 scrolls of vulnerability
Potions
 o - a potion of ambrosia
 q - 4 potions of curing
 z - 11 potions of brilliance
 H - 5 potions of haste {!q}
 I - a potion of invisibility
 K - a potion of magic {!q}
 M - 5 potions of might
 N - a potion of cancellation {!q}
 W - 9 potions of heal wounds {!q}
 X - 8 potions of flight
 Z - 4 potions of berserk rage {!q}
Miscellaneous
 l - a lightning rod (3/4)
 n - a phial of floods (inert)
 t - a tin of tremorstones (1/3)
 O - 4 boxes of beasts
Comestibles
 r - 40 rations
 u - 8 chunks of flesh


   Skills:
 + Level 9.3 Fighting
   Level 1.0 Long Blades
 - Level 8.0(9.8) Axes
 + Level 8.9(10.2) Polearms
 - Level 1.2 Throwing
 - Level 5.0 Armour
 - Level 5.0 Dodging
 - Level 1.7 Stealth
 - Level 4.0 Shields
 + Level 10.9 Spellcasting
 - Level 7.0 Hexes
 * Level 13.0 Summonings
 - Level 3.0 Translocations
 * Level 10.0 Transmutations
 - Level 3.0 Fire Magic
 - Level 10.0 Ice Magic
 - Level 7.0 Air Magic
 * Level 9.2 Earth Magic
 + Level 9.0 Evocations


You had 5 spell levels left.
You knew the following spells:

 Your Spells              Type           Power        Failure   Level  Hunger
b - Statue Form           Tmut/Erth      #######..    7%          6    ####...
d - Call Canine Familiar  Summ           #######.     1%          3    None
g - Apportation           Tloc           #####.       1%          1    None
h - Lee's Rapid Deconstr  Erth           ######....   1%          5    None
j - Inner Flame           Hex/Fire       ######..     1%          3    None
l - Summon Lightning Spi  Summ/Air       #######.     1%          4    None
m - Frozen Ramparts       Ice            ######       1%          3    None
s - Summon Ice Beast      Ice/Summ       #######.     1%          4    None
w - Passwall              Tmut/Erth      #######.     1%          2    None
S - Sticks to Snakes      Tmut           #######.     1%          2    None

Your spell library contained the following spells:

 Spells                   Type           Power        Failure   Level  Hunger
 Summon Butterflies       Summ           #######.     0%          1    None
 Summon Small Mammal      Summ           ####         0%          1    None
 Beastly Appendage        Tmut           ######       1%          1    None
 Foxfire                  Conj/Fire      ####         1%          1    None
 Freeze                   Ice            ####         1%          1    None
 Sandblast                Erth           ######       1%          1    None
 Shock                    Conj/Air       ####         1%          1    None
 Sting                    Tmut/Pois      ####         1%          1    None
 Call Imp                 Summ           #######.     1%          2    None
 Shroud of Golubria       Chrm/Tloc      ####..       1%          2    None
 Swiftness                Chrm/Air       #####...     1%          2    None
 Confusing Touch          Hex            ######..     1%          3    None
 Ozocubu's Armour         Chrm/Ice       ######..     1%          3    None
 Spectral Weapon          Hex/Chrm       #####...     1%          3    None
 Spider Form              Tmut/Pois      ######....   1%          3    None
 Stone Arrow              Conj/Erth      ######       1%          3    None
 Summon Guardian Golem    Hex/Summ       #######.     1%          3    None
 Ice Form                 Ice/Tmut       #######.     1%          4    None
 Leda's Liquefaction      Hex/Erth       ######....   1%          4    None
 Petrify                  Tmut/Erth      #######.     1%          4    None
 Blade Hands              Tmut           #######...   1%          5    None
 Metabolic Englaciation   Hex/Ice        ######....   1%          5    None
 Summon Mana Viper        Hex/Summ       #######.     1%          5    None
 Yara's Violent Unravell  Hex/Tmut       ######....   1%          5    None
 Infusion                 Chrm           ###.         2%          1    None
 Pain                     Necr           ###.         2%          1    None
 Gell's Gravitas          Tloc           #####.....   2%          3    None
 Song of Slaying          Chrm           ###.....     3%          2    None
 Hailstorm                Conj/Ice       ######..     3%          4    None
 Conjure Flame            Conj/Fire      ####....     4%          3    None
 Passage of Golubria      Tloc           N/A          7%          4    None
 Sticky Flame             Conj/Fire      ####....     13%         4    None
 Bolt of Magma            Conj/Fire/Erth ######....   13%         5    None
 Fireball                 Conj/Fire      ####......   36%         5    None
 Iskenderun's Battlesphe  Conj/Chrm      ###.....     56%         5    None
 Summon Hydra             Summ           #######...   10%         7    #####..
 Darkness                 Hex            ######....   22%         6    ####...
 Invisibility             Hex            ######..     22%         6    ####...
 Iron Shot                Conj/Erth      ######....   50%         6    ####...
 Spellforged Servitor     Conj/Summ      ######....   82%         7    #####..
 Orb of Destruction       Conj           ###.......   100%        7    #####..
 Shatter                  Erth           ######....   100%        9    #######


Dungeon Overview and Level Annotations

Branches:
Dungeon (15/15)            Temple (1/1) D:5            Lair (6/6) D:9
 Shoals (4/4) Lair:3        Snake (4/4) Lair:4        Slime (0/5) Lair:6
    Orc (2/2) D:11            Elf (2/3) Orc:2        Vaults (0/5) D:13
 Depths (0/5) D:15          IceCv (visited)

Shops:
D:8 %   D:9 =   Orc:2 :[(*   Elf:1 !*[?!   Snake:1 !

Annotations:
Lair:1 stash
Lair:5 2 transporters
Shoals:4 3 runed translucent doors, Tenar's ghost, adept DEEE


Innate Abilities, Weirdness & Mutations

You have an increased reservoir of magic. (+10% MP)
You have a pair of small horns on your head.


Message History

The torrent of water hits the +0 battleaxe of venom!
The +0 battleaxe of venom is severely damaged.
The +0 battleaxe of venom is knocked back by the torrent of water.
The wave splashes down.
Splash!
You fall into the shallow water.
Moving in this stuff is going to be slow.
You feel sick.
The deep elf mage points at you and mumbles some strange words.
The bolt of lightning misses the +0 battleaxe of venom.
The bolt of lightning hits you!
* * * LOW HITPOINT WARNING * * *
You feel very sick. The +0 battleaxe of venom hits you!
* * * LOW HITPOINT WARNING * * *
You are lethally poisoned!
The deep elf mage mumbles some strange words.
The deep elf mage blinks!
You feel better. The +0 battleaxe of venom hits you!!
You die...

).####...8...#
..... .##
#.......#
.§..§ #'##
#.......#
).....
##)###..))...#
#).....
...)#####)####
##))...e.
####.## #.#
##)# ##.###.#
##≈## ##.##)#
##(##
##'#'######@##
##.....##.##
##.......(##
##...^.....##
#......[>.<.#
#
#..)........+
.+
#...........#
#.#
#...........#
#.# #+#
#........[..#
#.# #.#


You could see a +0 battleaxe of venom.

Vanquished Creatures
  Jorgrun (Shoals:2)
  Rupert (D:14)
  Frances (Shoals:2)
  7 nagarajas
  Ilsuiw (Shoals:4)
  Roxanne (D:15)
  An orc warlord (Orc:2)
  A deep elf elementalist (Elf:1)
  2 deep elf demonologists (Elf:2)
  3 deep elf death magi (Elf:1)
  6 merfolk impalers
  3 merfolk javelineers
  Fannar (Lair:2)
  A rakshasa (D:15)
  3 vault guards (D:13)
  12 naga warriors
  15 anacondas
  A hydra (Lair:6)
  2 catoblepae
  2 centaur warriors
  A death knight (D:15)
  5 death yaks
  7 dancing weapons
  An alligator snapping turtle (Shoals:3)
  4 merfolk aquamancers (Shoals:4)
  A two-headed ogre (D:9)
  Erica (D:11)
  10 satyrs
  A deep troll shaman (Lair:6)
  7 naga sharpshooters
  A shock serpent (Snake:2)
  2 shock serpents (shapeshifter)
  11 deep elf knights
  A skeletal warrior (D:15)
  3 sea snakes
  5 salamander mystics (Snake:4)
  A wizard (D:13)
  A swamp dragon (Snake:2)
  A glowing orange brain (D:15)
  An unseen horror (D:14)
  An orange crystal statue (D:11)
  7 naga ritualists
  12 deep elf archers
  4 lindwurms (Snake:4)
  6 harpies
  A necromancer (D:13)
  3 orc knights
  A shining eye (Snake:4)
  19 mana vipers
  39 deep elf magi
  3 manticores
  An orc sorcerer (D:13)
  7 salamanders
  22 fauns
  5 merfolk sirens
  An elephant (Lair:6)
  3 centaur zombies
  9 guardian serpents
  23 black mambas
  11 naga magi
  7 water nymphs
  2 ice statues
  A gargoyle (D:13)
  A komodo dragon (D:15)
  A yaktaur (shapeshifter) (D:15)
  A freezing wraith (D:15)
  A troll (Orc:2)
  15 merfolk
  2 meliai (D:11)
  6 hippogriffs
  2 blink frogs (shapeshifter)
  5 wind drakes
  A dream sheep (Lair:6)
  4 snapping turtles
  4 slime creatures (D:15)
  8 blink frogs
  An air elemental (Orc:2)
  A vampire (D:12)
  A redback (Snake:2)
  5 wraiths
  2 wyverns
  6 water elementals
  25 yaks
  2 hogs
  A basilisk (Lair:5)
  2 fire elementals (Elf:2)
  12 humans (D:13)
  2 wargs
  A soldier ant (D:14)
  25 nagas
  A water moccasin (shapeshifter) (D:15)
  A porcupine (Lair:5)
  6 water moccasins
  3 black bears
  19 orc warriors
  3 phantoms
  2 sky beasts
  An eye of draining (D:11)
  6 ice beasts
  7 ogres
  12 centaurs
  2 wolves (Lair:6)
  6 crocodiles
  A big kobold (D:14)
  13 bullfrogs
  6 earth elementals
  3 scorpions
  6 killer bees
  3 wights
  2 howler monkeys
  5 crimson imps
  5 jellies
  A hound (D:6)
  5 centaur skeletons
  12 orc priests
  15 orc wizards
  4 iguanas
  9 worker ants
  A howler monkey zombie (D:5)
  2 worker ant zombies (D:9)
  15 adders
  3 gnolls
  A river rat (D:9)
  2 shadow imps
  An adder zombie (D:5)
  A worm (D:2)
  3 dart slugs
  4 leopard geckos
  46 orcs
  7 giant cockroaches
  6 goblins
  4 hobgoblins
  23 jackals
  4 quokkas
  3 ball pythons
  4 bats
  2 frilled lizards
  10 kobolds
  A leopard gecko zombie (D:8)
  A quokka zombie (D:8)
  4 rats
  A fungus (Lair:2)
  19 plants
782 creatures vanquished.

Vanquished Creatures (collateral kills)
  Kirke (Lair:5)
  2 nagarajas (Snake:4)
  2 merfolk impalers
  A fire dragon (Lair:3)
  4 hydras
  5 naga warriors
  A merfolk avatar (Shoals:2)
  A merfolk aquamancer (Shoals:4)
  4 centaur warriors
  2 anacondas
  A two-headed ogre (D:12)
  A queen ant (Lair:2)
  An alligator (Shoals:2)
  A satyr (Shoals:4)
  A tengu warrior (D:13)
  10 death yaks
  A naga sharpshooter (Snake:4)
  A salamander mystic (Snake:4)
  A shock serpent (Snake:1)
  2 unseen horrors (D:14)
  A lindwurm (Lair:6)
  6 sea snakes
  A glowing orange brain (Snake:1)
  2 naga ritualists
  An orc knight (D:11)
  11 harpies
  A harpy (shapeshifter) (D:15)
  2 oklob plants (Lair:3)
  4 ugly things
  10 mana vipers
  An orc sorcerer (Orc:2)
  An elephant (Lair:6)
  2 cyclopes
  4 manticores
  17 fauns
  4 salamanders
  2 water nymphs
  4 merfolk sirens
  8 naga magi
  11 black mambas
  2 torpor snails
  A guardian serpent (Snake:4)
  9 komodo dragons
  2 ice statues (IceCv)
  7 spiny frogs
  A rime drake (Lair:6)
  A kobold demonologist (D:14)
  8 merfolk
  A meliai (D:11)
  A queen bee (Snake:1)
  Grinder (D:3)
  3 wind drakes (Shoals:4)
  3 snapping turtles
  3 dream sheep (Lair:6)
  8 slime creatures
  29 blink frogs
  4 hippogriffs
  A water elemental (Shoals:4)
  A shadow (D:14)
  40 yaks
  8 wraiths
  2 wyverns
  6 hogs
  A basilisk (Lair:4)
  8 humans
  3 hungry ghosts
  An acid dragon (D:15)
  6 soldier ants (Lair:2)
  13 nagas
  Duvessa (D:6)
  9 water moccasins
  4 porcupines
  2 sky beasts
  11 orc warriors
  11 ice beasts
  A black bear (Lair:6)
  A phantom (D:10)
  10 centaurs
  9 ogres
  7 wolves
  13 crocodiles
  3 big kobolds
  12 bullfrogs
  A gnoll sergeant (D:12)
  An elf zombie (D:10)
  A wyvern zombie (D:13)
  A wyvern skeleton (D:11)
  2 scorpions
  Dowan (D:6)
  6 wights
  5 killer bees (D:10)
  The ghost of kelthazard45 the Skirmisher, a weakling OpFi (D:4)
  2 howler monkeys
  A crimson imp (D:6)
  3 quasits
  A hound (D:8)
  17 jellies
  A bullfrog skeleton (D:9)
  Crazy Yiuf (D:2)
  3 human zombies (D:10)
  9 orc priests
  20 orc wizards
  Jessica (D:3)
  Terence (D:3)
  2 iguanas
  14 worker ants
  An ogre zombie (D:10)
  A hound zombie (D:5)
  A hound skeleton (D:7)
  A mummy (D:10)
  Robin (D:3)
  9 gnolls
  2 river rats (D:9)
  9 adders
  4 shadow imps
  A nameless horror (IceCv)
  An ooze (D:3)
  An adder skeleton (D:8)
  3 worms
  8 leopard geckos
  66 orcs
  2 bats
  3 giant cockroaches
  5 goblins (D:3)
  10 hobgoblins
  11 jackals
  4 quokkas
  A ball python (Lair:4)
  A jackal zombie (D:5)
  6 kobolds
  2 orc zombies (D:10)
  3 rats
  2 bushes (D:6)
  7 plants
665 creatures vanquished.

Vanquished Creatures (others)
  A naga warrior (Snake:4)
  A water elemental (Elf:2)
  A naga (Snake:4)
  An orc wizard (D:4)
  A goblin (D:1)
  A kobold (D:1)
  A bush (Lair:6)
  10 fungi
  88 plants
105 creatures vanquished.

Grand Total: 1552 creatures vanquished

Notes
Turn   | Place    | Note
-------+----------+-------------------------------------------
     0 | D:1      | Ge0ff the Demigod Summoner began the quest for the Orb.
     0 | D:1      | Reached XP level 1. HP: 14/14 MP: 5/5
   509 | D:1      | Reached skill level 1 in Fighting
   995 | D:1      | Reached XP level 2. HP: 21/24 MP: 7/7
   999 | D:1      | Learned a level 2 spell: Call Imp
  2117 | D:2      | Reached XP level 3. HP: 9/29 MP: 0/8
  2343 | D:2      | Learned a level 3 spell: Call Canine Familiar
  2464 | D:2      | Reached skill level 4 in Summonings
  2874 | D:2      | Found a runed translucent door.
  2875 | D:2      | Noticed Crazy Yiuf
  2948 | D:2      | Killed Crazy Yiuf
  3512 | D:2      | Reached XP level 4. HP: 36/36 MP: 10/10
  3853 | D:3      | Noticed a +0 dagger
  3854 | D:3      | Noticed a +0 dagger
  3857 | D:3      | Found a hide-covered altar of Uskayaw.
  3950 | D:3      | Noticed Jessica
  3952 | D:3      | Killed Jessica
  3958 | D:3      | Noticed Robin
  3959 | D:3      | Noticed Grinder
  3960 | D:3      | Reached skill level 1 in Armour
  4332 | D:3      | Reached XP level 5. HP: 41/41 MP: 8/11
  4549 | D:3      | Noticed Terence
  4789 | D:3      | Killed Robin
  4971 | D:3      | Killed Grinder
  4971 | D:3      | Reached skill level 1 in Shields
  4971 | D:3      | Reached skill level 5 in Summonings
  4971 | D:3      | Reached XP level 6. HP: 48/48 MP: 7/13
  5098 | D:3      | Learned a level 4 spell: Summon Lightning Spire
  5690 | D:4      | Found a shattered altar of Ashenzari.
  5691 | D:4      | Found a hazy altar of Hepliaklqana.
  5781 | D:4      | Found a white marble altar of Elyvilon.
  6145 | D:4      | Reached skill level 1 in Air Magic
  6268 | D:4      | Found an opulent altar of Gozag.
  6287 | D:4      | Found a runed translucent door.
  6515 | D:4      | Found a runed translucent door.
  6515 | D:4      | Noticed kelthazard45's ghost (weakling OpFi)
  6581 | D:4      | Killed kelthazard45's ghost
  6581 | D:4      | Reached XP level 7. HP: 55/55 MP: 9/15
  6666 | D:5      | Entered Level 5 of the Dungeon
  6743 | D:5      | Found a staircase to the Ecumenical Temple.
  6750 | D:5      | Reached skill level 6 in Summonings
  6765 | Temple   | Entered the Ecumenical Temple
  7055 | D:5      | Got a brightly glowing ring mail {don't wear}
  7956 | D:5      | Reached skill level 1 in Evocations
  8415 | D:5      | Found a snail-covered altar of Cheibriados.
  8647 | D:6      | Reached XP level 8. HP: 61/61 MP: 17/17
  8985 | D:6      | Noticed Dowan
  9002 | D:6      | Killed Dowan
  9046 | D:6      | Noticed Duvessa
  9137 | D:6      | Killed Duvessa
  9137 | D:6      | Reached skill level 1 in Long Blades
  9501 | D:6      | Reached skill level 7 in Summonings
  9896 | D:6      | Reached skill level 1 in Polearms
 10255 | D:6      | Learned a level 2 spell: Sticks to Snakes
 10273 | D:7      | Found a bloodstained altar of Trog.
 10956 | D:7      | Reached XP level 9. HP: 60/69 MP: 19/19
 11099 | D:7      | Reached skill level 1 in Transmutations
 11847 | D:8      | Found a shimmering blue altar of Sif Muna.
 11965 | D:8      | Reached skill level 5 in Spellcasting
 12295 | D:8      | Found Kizxaschu's Food Shoppe.
 12779 | D:8      | Found a shimmering altar of Xom.
 13264 | D:8      | Learned a level 4 spell: Summon Ice Beast
 13265 | D:9      | Noticed a death yak
 13269 | D:9      | Noticed a death yak
 13270 | D:9      | Noticed a death yak
 13624 | D:9      | Reached skill level 1 in Ice Magic
 13788 | D:9      | Found Uple's Jewellery Boutique.
 13843 | D:9      | Found a staircase to the Lair.
 13879 | D:9      | Killed a death yak
 14298 | D:3      | Killed Terence
 14444 | D:9      | Killed a death yak
 14444 | D:9      | Reached XP level 10. HP: 31/77 MP: 7/22
 14455 | D:9      | Killed a death yak
 14785 | D:9      | Noticed a two-headed ogre
 14804 | D:9      | Killed a two-headed ogre
 14804 | D:9      | Reached skill level 8 in Summonings
 14928 | D:9      | Reached skill level 5 in Air Magic
 14935 | D:9      | Reached skill level 5 in Polearms
 15202 | D:10     | Entered Level 10 of the Dungeon
 16043 | D:10     | Learned a level 2 spell: Passwall
 16264 | D:10     | Found an ancient bone altar of Kikubaaqudgha.
 16699 | D:11     | Noticed Erica
 16708 | D:11     | Killed Erica
 16807 | D:10     | Reached skill level 5 in Ice Magic
 17371 | D:11     | Reached XP level 11. HP: 48/82 MP: 24/24
 17934 | D:11     | Found a white marble altar of Elyvilon.
 17971 | D:11     | Reached skill level 9 in Summonings
 18211 | D:11     | Noticed an orange crystal statue
 18224 | D:11     | Noticed an orc knight
 18454 | D:11     | Noticed an orc knight
 18461 | D:11     | an orc knight changed into a torpor snail
 18515 | D:11     | Found a roughly hewn altar of Beogh.
 18533 | D:11     | Found a staircase to the Orcish Mines.
 18640 | Lair:1   | Entered Level 1 of the Lair of Beasts
 19543 | Lair:1   | You fall into a shaft and drop 1 floor!
 19543 | Lair:2   | Noticed Fannar
 19583 | Lair:2   | Killed Fannar
 20734 | Lair:2   | Noticed a queen ant
 20766 | Lair:2   | Killed a queen ant
 21576 | Lair:3   | Noticed a five-headed hydra
 21615 | Lair:3   | Found a frozen archway.
 21697 | IceCv    | Entered an ice cave
 23435 | Lair:3   | Killed a five-headed hydra
 23436 | Lair:3   | Noticed a five-headed hydra
 23443 | Lair:3   | Killed a five-headed hydra
 23614 | Lair:3   | Reached skill level 10 in Summonings
 23614 | Lair:3   | Reached XP level 12. HP: 41/91 MP: 21/26
 24117 | Lair:3   | Noticed a fire dragon
 24127 | Lair:3   | Killed a fire dragon
 24138 | Lair:3   | Found the +8 mithril axe "Arga" {speed, MR+}
 24305 | Lair:3   | Found a staircase to the Shoals.
 25047 | Lair:4   | Reached skill level 1 in Axes
 25116 | Lair:4   | Found a staircase to the Snake Pit.
 25731 | Lair:4   | Identified First Steps in Hermeneutics
 25737 | Lair:4   | Learned a level 1 spell: Apportation
 26253 | Lair:5   | Reached skill level 1 in Translocations
 26264 | Lair:5   | Noticed Kirke
 26273 | Lair:5   | Killed Kirke
 26500 | Lair:5   | Found a transporter.
 26769 | Lair:5   | Found a transporter.
 26896 | Lair:6   | Entered Level 6 of the Lair of Beasts
 27422 | Lair:6   | Reached skill level 5 in Fighting
 28185 | Lair:6   | Reached XP level 13. HP: 100/100 MP: 16/28
 28694 | Lair:6   | Learned a level 3 spell: Inner Flame
 28865 | Lair:6   | Found a staircase to the Slime Pits.
 29404 | D:12     | Reached skill level 1 in Fire Magic
 29422 | D:12     | Reached skill level 1 in Hexes
 29452 | D:12     | Reached skill level 11 in Summonings
 30477 | D:13     | Found a viscous altar of Jiyva.
 31001 | D:13     | Reached skill level 5 in Evocations
 31888 | D:13     | Reached skill level 5 in Axes
 32123 | D:13     | Found a gate to the Vaults.
 32394 | D:13     | You fall into a shaft and drop 2 floors!
 32394 | D:15     | Entered Level 15 of the Dungeon
 33405 | D:14     | Found a hide-covered altar of Uskayaw.
 33857 | D:14     | Noticed Rupert
 33877 | D:14     | Killed Rupert
 34578 | D:14     | Reached XP level 14. HP: 74/110 MP: 25/30
 35559 | D:15     | Noticed Roxanne
 35578 | D:15     | Found an opulent altar of Gozag.
 36073 | D:15     | Found a staircase to the Depths.
 36940 | D:15     | Killed Roxanne
 36969 | D:15     | Learned a level 6 spell: Statue Form
 37018 | D:15     | Learned a level 5 spell: Lee's Rapid Deconstruction
 37430 | Lair:6   | Reached skill level 1 in Earth Magic
 38199 | Orc:1    | Entered Level 1 of the Orcish Mines
 38468 | Orc:2    | Entered Level 2 of the Orcish Mines
 38791 | Orc:2    | Found a roughly hewn altar of Beogh.
 39022 | Orc:2    | Found a roughly hewn altar of Beogh.
 39136 | Orc:2    | Noticed an orc warlord
 39185 | Orc:2    | Found a roughly hewn altar of Beogh.
 39196 | Orc:2    | Found Devoph's Food Emporium.
 39271 | Orc:2    | Killed an orc warlord
 39373 | Orc:2    | Found a roughly hewn altar of Beogh.
 39390 | Orc:2    | Found a staircase to the Elven Halls.
 39514 | Orc:2    | Found a roughly hewn altar of Beogh.
 39514 | Orc:2    | Found Ofrem's Antique Armour Shoppe.
 39517 | Orc:2    | Found Lefur's Antique Weapon Emporium.
 39522 | Orc:2    | Bought a runed trident for 175 gold pieces
 39529 | Orc:2    | Bought a glowing cloak for 262 gold pieces
 39699 | Orc:2    | Found Jasi's General Store.
 39748 | Orc:2    | Bought the ring "Gasubby" {rC+ rN+} for 506 gold pieces
 39769 | Orc:2    | Found a roughly hewn altar of Beogh.
 39963 | Orc:2    | Found a roughly hewn altar of Beogh.
 39973 | Orc:2    | Found Heymod's Book Shoppe.
 40076 | Orc:2    | Bought a book of Frost for 595 gold pieces
 40191 | Shoals:1 | Entered Level 1 of the Shoals
 41550 | Shoals:2 | Noticed Frances
 41563 | Shoals:2 | Killed Frances
 41563 | Shoals:2 | Reached skill level 5 in Transmutations
 41808 | Shoals:2 | Reached XP level 15. HP: 118/118 MP: 19/32
 42644 | Shoals:2 | Noticed Jorgrun
 42651 | Shoals:2 | Killed Jorgrun
 44005 | Shoals:4 | Entered Level 4 of the Shoals
 44050 | Shoals:4 | Reached skill level 5 in Hexes
 44193 | Shoals:4 | Identified the +2 leather armour of Daisies {rC+ rN++
                  | Regen+}
 44536 | Shoals:4 | Noticed Ilsuiw
 44760 | Shoals:4 | Identified a scroll of acquirement
 45161 | Shoals:4 | Killed Ilsuiw
 45197 | Shoals:4 | Reached skill level 5 in Earth Magic
 45521 | Shoals:3 | Learned a level 3 spell: Frozen Ramparts
 46180 | Shoals:3 | Reached skill level 12 in Summonings
 47419 | Shoals:4 | Found a runed translucent gate.
 47421 | Shoals:4 | Noticed Tenar's ghost (adept DEEE)
 47596 | Shoals:4 | Got a barnacled rune of Zot
 47612 | Shoals:4 | Got a pair of distressingly furry gloves
 47613 | Shoals:4 | Identified the +2 pair of gloves of Sin {Str+3} (You found
                  | it on level 4 of the Shoals)
 47845 | Shoals:4 | Found a runed translucent gate.
 47845 | Shoals:4 | Found a runed translucent gate.
 48102 | Snake:1  | Entered Level 1 of the Snake Pit
 48145 | Snake:1  | Reached XP level 16. HP: 104/127 MP: 30/34
 48320 | Snake:1  | Got a pitted scale mail {don't wear}
 48481 | Snake:1  | Reached skill level 10 in Ice Magic
 48484 | Snake:1  | Reached skill level 10 in Spellcasting
 48759 | Snake:1  | Found Liosilia's Distillery.
 49778 | Snake:2  | You fall into a shaft and drop 1 floor!
 50860 | Snake:2  | Noticed an iron giant
 50860 | Snake:2  | a shadow dragon changed into an iron giant
 50862 | Snake:2  | Noticed a golden dragon
 50862 | Snake:2  | an iron giant changed into a golden dragon
 50865 | Snake:2  | a golden dragon changed into a fire giant
 52096 | Snake:3  | Reached skill level 1 in Throwing
 52914 | Snake:4  | Entered Level 4 of the Snake Pit
 53388 | Snake:4  | Gained mutation: You have a pair of small horns on your
                  | head. [a shining eye]
 53394 | Snake:4  | Reached skill level 5 in Dodging
 55045 | Snake:4  | Reached XP level 17. HP: 136/136 MP: 8/36
 57321 | Snake:4  | Got a serpentine rune of Zot
 57962 | Elf:1    | Entered Level 1 of the Elven Halls
 58504 | Elf:1    | Found Ovaepa's Distillery.
 58617 | Elf:1    | Found Baikk's General Store.
 59126 | Elf:1    | Found Kerphe's Magic Scroll Shoppe.
 59133 | Elf:1    | Bought a scroll of enchant armour for 127 gold pieces
 59154 | Elf:1    | Found Lyigisch's Distillery.
 59162 | Elf:1    | Bought a potion of ambrosia for 144 gold pieces
 59162 | Elf:1    | Bought a potion of invisibility for 144 gold pieces
 59224 | Elf:1    | Found Rilih's Armour Boutique.
 59613 | Elf:2    | Found a shimmering blue altar of Sif Muna.
 59681 | Elf:2    | Reached skill level 5 in Armour
 60159 | Elf:2    | Reached XP level 18. HP: 121/145 MP: 5/38
 60159 | Elf:2    | Reached skill level 13 in Summonings
 60159 | Elf:2    | Reached skill level 10 in Transmutations
 60165 | Elf:2    | Slain by a +0 battleaxe of venom

Illustrated notes

Levels and vault maps discovered:
D:1:      erik_arrival_triangle_small, layout_basic, lemuel_old_faithful
D:2:      cheibrodos_pilgrimage, layout_loops_cross, first_ration,
          uniq_crazy_yiuf_cottage
D:3:      layout_basic, dancing_weapons_uskayaw, uniq_grinder, uniq_jessica,
          uniq_robin, uniq_terence
D:4:      layout_rooms, marbit_many_paths,
          chequers_temple_overflow_statue_of_worship, ebering_ghost_sewer_f,
          kennysheep_generic_room_10
D:5:      layout_basic, cheibriados_altar_1, minmay_temple_entry_fiery
D:6:      kennysheep_windowed_halls, layout_cave_pools, serial_park,
          serial_park_paths [serial_park_minivault_5x5_7], serial_park_tiny_1,
          uniq_duvessa
D:7:      layout_loops_ring, ebering_dispersal_statue_hall, bloody_trog
D:8:      layout_gridville, lemuel_crystal_altar, basic_altar, serial_shops,
          shop
D:9:      layout_rooms, dpeg_lair_monsters, serial_shops, shop, grunt_livestock,
          hangedman_decor_growths
D:10:     layout_loops_ring, lemuel_mausoleum_altar_kikubaaqudgha
D:11:     minmay_separated_statues, layout_rooms, david_orc_5,
          roderic_lattice_a, elyvilon_altar_3, uniq_erica
D:12:     layout_loops_ring, serial_glass, glass_columns_a, glass_columns_b
D:13:     layout_irregular_city, grunt_vaults_entry_tiered, jiyva_altar_1
D:14:     layout_roguey, basic_altar, grunt_decor_mini_mirrors, uniq_rupert,
          uniq_josephine
D:15:     gammafunk_enter_depths_forms, layout_basic,
          nicolae_gozag_cash_rules_everything_around_me, uniq_roxanne
Temple:   regret_index_temple_generic_petals
Lair:1:   layout_regular_city
Lair:2:   layout_chaotic_city, minmay_another_anthill, uniq_fannar
Lair:3:   dragon1_lemuel, layout_regular_city, minmay_shoals_entry_hut,
          portal_ice_cave_entry_ice_beasts, hangedman_lair_unloving_vines,
          st_stairs_10, minmay_lair_oklob_chamber
Lair:4:   layout_regular_city, minmay_snake_entry_six_corridors,
          nicolae_quartered_pool_little
Lair:5:   gammafunk_cloud_chamber, layout_long_grid, infiniplex_staircase_pool,
          lemuel_fruit_fields, uniq_kirke
Lair:6:   grunt_lair_end_beastmaster, layout_gridlike,
          minmay_slime_entry_jelly_boxes
Shoals:1: layout_shoals
Shoals:2: layout_shoals, uniq_frances, uniq_jorgrun
Shoals:3: layout_shoals
Shoals:4: shoals_end_grunt_garden, layout_shoals, shoal_ilsuiw,
          ebering_ghost_rock_garden
Snake:1:  layout_cave_pods, serial_shops, shop_coins
Snake:2:  layout_basic
Snake:3:  layout_honeycomb
Snake:4:  snake_pit_salamanders_mu, layout_basic, drop_trap, grunt_megastairs_5
Orc:1:    layout_caves
Orc:2:    grunt_orc_community_town_hall, layout_diamond_mine,
          grunt_orc_community_big_house_1, grunt_orc_community_big_house_2,
          grunt_orc_community_house_2, grunt_orc_community_house_1,
          grunt_orc_community_house_2, grunt_orc_community_house_1,
          grunt_orc_community_house_3, serial_shops, nicolae_shop_waterfront
Elf:1:    elf_arrival_002, layout_gridlike, serial_shops, shop_statue, shop,
          shop, shop, nicolae_shop_window_shopping, minmay_elf_crystal_heptagon
Elf:2:    layout_geoelf_grid, serial_shops, nicolae_shop_overgrown_old_shop,
          basic_altar

Skill      XL: |  1  2  3  4  5  6  7  8  9 10 11 12 13 14 15 16 17 18 |
---------------+-------------------------------------------------------+-----
Fighting       | 1 2 3 4 5 6 7 8 9 |  9.3
Spellcasting   | 2 3 4 5 6 7 8 9 10 | 10.9
Summonings     | 4 5 6 7 8 10 11 12 13 | 13.0
Armour         | 1 3 5 |  5.0
Shields        | 1 2 3 4 |  4.0
Air Magic      | 1 2 3 4 5 6 7 |  7.0
Dodging        | 2 3 4 5 |  5.0
Evocations     | 1 2 3 4 5 6 7 8 9 |  9.0
Long Blades    | 1 |  1.0
Polearms       | 2 4 5 6 7 8 |  8.9
Transmutations | 3 5 6 8 9 10 | 10.0
Ice Magic      | 2 5 7 8 9 10 | 10.0
Axes           | 3 6 7 8 |  8.0
Translocations | 2 3 |  3.0
Fire Magic     | 3 |  3.0
Hexes          | 3 4 5 6 7 |  7.0
Earth Magic    | 3 5 7 9 |  9.2
Throwing       | 1 |  1.2
Stealth        | |  1.7

Action                   |  1- 3 |  4- 6 |  7- 9 | 10-12 | 13-15 | 16-18 || total
-------------------------+-------+-------+-------+-------+-------+-------++-------
Melee: Short sword       |   119 |    71 |   111 |       |       |       ||   301
       Unarmed           |     7 |       |       |       |       |     4 ||    11
       Dagger            |       |    62 |   101 |       |       |       ||   163
       Falchion          |       |       |   324 |   255 |       |       ||   579
       Scimitar          |       |       |       |     4 |       |       ||     4
       Trident           |       |       |       |   367 |     1 |       ||   368
       Broad axe         |       |       |       |   193 |   745 |       ||   938
       Demon trident     |       |       |       |       |   114 |   688 ||   802
       Headbutt          |       |       |       |       |       |    51 ||    51
Throw: Stone             |    11 |    14 |    48 |    41 |    23 |    37 ||   174
 Cast: Summon Small Mamm |    13 |       |       |       |       |       ||    13
       Call Imp          |    26 |    63 |    65 |     6 |       |       ||   160
       Call Canine Famil |       |     8 |    24 |    41 |    82 |    11 ||   166
       Summon Lightning  |       |     1 |    16 |    28 |    37 |    21 ||   103
       Summon Ice Beast  |       |       |       |   183 |   330 |   140 ||   653
       Inner Flame       |       |       |       |       |   162 |    79 ||   241
       Apportation       |       |       |       |       |     3 |     6 ||     9
       Sticks to Snakes  |       |       |       |       |    20 |       ||    20
       Frozen Ramparts   |       |       |       |       |     6 |    59 ||    65
       Statue Form       |       |       |       |       |       |    13 ||    13
       Lee's Rapid Decon |       |       |       |       |       |   105 ||   105
 Abil: Evoke Flight      |       |       |       |       |     4 |       ||     4
       End Transformatio |       |       |       |       |       |     7 ||     7
Evoke: Wand              |       |     1 |       |    46 |    64 |    27 ||   138
       Tin of tremorston |       |       |       |     1 |    12 |    13 ||    26
       Lightning rod     |       |       |       |       |    23 |    19 ||    42
       Phial of floods   |       |       |       |       |       |     3 ||     3
  Use: Scroll            |     2 |     1 |    11 |    12 |    30 |     6 ||    62
       Potion            |       |       |       |     1 |     2 |     4 ||     7
 Stab: Sleeping          |     7 |     3 |     3 |     3 |     1 |       ||    17
       Distracted        |       |     1 |     5 |    15 |    12 |     5 ||    38
       Confused          |       |       |       |     3 |       |       ||     3
       Paralysed         |       |       |       |       |       |     1 ||     1
  Eat: Chunk             |    10 |     9 |    25 |    38 |    50 |    29 ||   161
       Ration            |       |     1 |     1 |     6 |     5 |     5 ||    18
Armor: Robe              |    12 |       |       |    67 |       |       ||    79
       Leather armour    |    12 |    32 |   139 |   120 |   111 |       ||   414
       Troll leather arm |       |       |       |       |   157 |   147 ||   304
       Skin              |       |       |       |       |       |   148 ||   148
Dodge: Dodged            |    64 |    74 |   263 |   352 |   540 |   376 ||  1669
Block: Other             |    25 |    24 |    15 |       |       |       ||    64
       Reflection        |       |     2 |    11 |     2 |       |       ||    15
       Buckler           |       |       |   236 |   337 |   228 |   136 ||   937
       Rpst.: Falchion   |       |       |    48 |    33 |       |       ||    81

Table legend:
 A = Non-vault XP
 B = Vault XP
 C = Vault XP percentage of total XP
 D = Non-vault monster count
 E = Vault monster count
 F = Vault count percentage of total count
                 A         B        C        D         E       F
            +---------+---------+-------+---------+---------+-------
      Total |  234099 |  114043 |  32.8 |     995 |     425 |  29.9
            +---------+---------+-------+---------+---------+-------
        D:1 |      43 |       0 |   0.0 |      23 |       0 |   0.0
        D:2 |      58 |      73 |  55.7 |      27 |       8 |  22.9
        D:3 |      63 |     247 |  79.7 |      22 |      14 |  38.9
        D:4 |     368 |      65 |  15.0 |      16 |       8 |  33.3
        D:5 |     784 |       0 |   0.0 |      36 |       0 |   0.0
        D:6 |     387 |     717 |  64.9 |      15 |      16 |  51.6
        D:7 |     995 |       0 |   0.0 |      24 |       0 |   0.0
        D:8 |    1385 |       1 |   0.1 |      43 |       1 |   2.3
        D:9 |    1131 |    2066 |  64.6 |      28 |      15 |  34.9
       D:10 |    2720 |     546 |  16.7 |      39 |      12 |  23.5
       D:11 |    2819 |    2965 |  51.3 |      35 |      24 |  40.7
       D:12 |    2672 |       0 |   0.0 |      33 |       0 |   0.0
       D:13 |    5952 |    7292 |  55.1 |      36 |      29 |  44.6
       D:14 |    6679 |    2616 |  28.1 |      40 |       4 |   9.1
       D:15 |    9238 |    5629 |  37.9 |      30 |      11 |  26.8
     Lair:1 |    1445 |       0 |   0.0 |      11 |       0 |   0.0
     Lair:2 |    2385 |    2054 |  46.3 |      22 |      22 |  50.0
     Lair:3 |    3168 |    2240 |  41.4 |      17 |      16 |  48.5
     Lair:4 |    2609 |    1250 |  32.4 |      21 |      13 |  38.2
     Lair:5 |    3067 |    1895 |  38.2 |      13 |       5 |  27.8
     Lair:6 |   12762 |    7074 |  35.7 |      68 |      30 |  30.6
   Shoals:1 |   10584 |       0 |   0.0 |      26 |       0 |   0.0
   Shoals:2 |   10858 |    5012 |  31.6 |      30 |       2 |   6.2
   Shoals:3 |    8391 |    1079 |  11.4 |      18 |       2 |  10.0
   Shoals:4 |   24707 |   15662 |  38.8 |      57 |      30 |  34.5
    Snake:1 |   17750 |       0 |   0.0 |      43 |       0 |   0.0
    Snake:2 |   18204 |       0 |   0.0 |      33 |       0 |   0.0
    Snake:3 |    5496 |     943 |  14.6 |      11 |       1 |   8.3
    Snake:4 |   30373 |   37760 |  55.4 |      64 |      68 |  51.5
      Orc:1 |     397 |       0 |   0.0 |      12 |       0 |   0.0
      Orc:2 |    3370 |    6045 |  64.2 |      32 |      70 |  68.6
      Elf:1 |   17630 |    8925 |  33.6 |      30 |      13 |  30.2
      Elf:2 |   25609 |       0 |   0.0 |      40 |       0 |   0.0
      IceCv |       0 |    1887 | 100.0 |       0 |      11 | 100.0
            +---------+---------+-------+---------+---------+-------
